 Dungeon Crawl Stone Soup version 0.30.0-29-ga12c61a403 (webtiles) character file.

Game seed: 10958093453372365602

47609 cheesebisquit the Wrestler (level 14, -2/131 HPs)
             Began as a Troll Fighter on June 13, 2023.
             Was the Champion of Wu Jian.
             Slain by a six-headed hydra (6 damage)
             ... on level 5 of the Lair of Beasts.
             The game lasted 00:57:20 (16590 turns).

cheesebisquit the Wrestler (Troll Fighter)         Turns: 16590, Time: 00:57:20

Health: -2/131     AC: 13    Str: 33    XL:     14   Next: 9%
Magic:  13/13      EV:  9    Int:  8    God:    Wu Jian [******]
Gold:   326        SH: 10    Dex:  9    Spells: 13/13 levels left

rFire   . .          .
                       - Unarmed
rCold   . . .        b - +1 kite shield
rNeg    . . .        J - +1 swamp dragon scales
rPois   +            P - +1 hat
rElec   .            v - +1 cloak
rCorr   .            (gloves unavailable)
SInv    .            (boots unavailable)
Will    ++...        B - amulet of regeneration Stlth
                     j - ring of willpower
HPRegen 2.01/turn    d - +6 ring of strength
MPRegen 0.13/turn

%: no passive effects
@: no status effects
A: large, unfitting armour, claws 3, regeneration 1, shaggy fur 1, tough skin 1,
inability to read after injury 1
a: Renounce Religion, Wall Jump, Serpent's Lash, Heavenly Storm


You were on level 5 of the Lair of Beasts.
You worshipped Wu Jian.
Wu Jian was exalted by your worship.
You visited 3 branches of the dungeon, and saw 18 of its levels.
You also visited: Sewer.

You collected 1188 gold pieces.
You spent 862 gold pieces at shops.

Inventory:

Hand Weapons
 M - a +2 giant spiked club
Missiles
 e - 18 boomerangs
 g - 30 poisoned darts
 h - 10 large rocks (quivered)
 H - 4 silver javelins
 I - an atropa-tipped dart
 N - 8 throwing nets
 Q - 4 javelins
 R - 5 curare-tipped darts
Armour
 b - a +1 kite shield (worn)
 v - a +1 cloak (worn)
 F - a +2 robe of resistance
 J - +1 swamp dragon scales (worn)
 K - a +0 troll leather armour
 P - a +1 hat (worn)
Jewellery
 d - a +6 ring of strength (right claw)
 i - a ring of positive energy
 j - a ring of willpower (left claw)
 m - a ring of magical power
 B - an amulet of regeneration (around neck)
 S - a ring of protection from cold
 W - a ring of ice
Wands
 a - a wand of paralysis (3)
 q - a wand of roots (18)
 G - a wand of flame (73)
 U - a wand of digging (6)
Scrolls
 c - 6 scrolls of immolation
 f - 2 scrolls of vulnerability
 n - 4 scrolls of magic mapping
 s - 6 scrolls of amnesia
 u - 8 scrolls of teleportation
 x - a scroll of summoning {unknown}
 y - 2 scrolls of fear
 C - 5 scrolls of silence
 D - 2 scrolls of poison
 L - a scroll of acquirement {unknown}
 O - 2 scrolls of blinking
Potions
 k - 3 potions of mutation
 l - 8 potions of curing
 o - 8 potions of lignification
 p - 5 potions of attraction
 r - 3 potions of brilliance
 t - 5 potions of flight
 w - 4 potions of resistance
 z - 4 potions of haste
 A - 7 potions of heal wounds
 E - 3 potions of ambrosia
 T - a potion of berserk rage
 V - a potion of magic {unknown}


   Skills:
 + Level 6.3 Fighting
 + Level 6.4 Dodging
 + Level 7.1 Shields
 - Level 21.1 Unarmed Combat


You had 13 spell levels left.
You didn't know any spells.
Your spell library contained the following spells:

 Spells                   Type           Power      Damage    Failure   Level
 Apportation              Tloc           0%         N/A       69%         1
 Freeze                   Ice            0%         1d3       69%         1
 Summon Small Mammal      Summ           0%         N/A       69%         1
 Ensorcelled Hibernation  Hex/Ice        0%         N/A       83%         2
 Passwall                 Tmut/Erth      0%         N/A       83%         2
 Static Discharge         Conj/Air       0%         2-2/arc   83%         2
 Call Canine Familiar     Summ           0%         N/A       96%         3
 Frozen Ramparts          Ice            0%         1d1       96%         3
 Hailstorm                Conj/Ice       0%         3d3       96%         3
 Summon Guardian Golem    Hex/Summ       0%         N/A       96%         3
 Swiftness                Air            0%         N/A       96%         3
 Airstrike                Air            0%         2d(0-16)  100%        4
 Anguish                  Hex/Necr       0%         N/A       100%        4
 Animate Dead             Necr           0%         N/A       100%        4
 Cause Fear               Hex            0%         N/A       100%        4
 Olgreb's Toxic Radiance  Pois           0%         N/A       100%        4
 Summon Lightning Spire   Summ/Air       0%         N/A       100%        4
 Alistair's Intoxication  Tmut/Pois      0%         N/A       100%        5
 Borgnjor's Vile Clutch   Necr/Erth      0%         N/A       100%        5
 Metabolic Englaciation   Hex/Ice        0%         N/A       100%        5
 Death Channel            Necr           0%         N/A       100%        6
 Eringya's Noxious Bog    Tmut/Pois      0%         N/A       100%        6
 Simulacrum               Ice/Necr       0%         N/A       100%        6
 Enfeeble                 Hex            0%         N/A       100%        7
 Ozocubu's Refrigeration  Ice            0%         4d7       100%        7
 Discord                  Hex            0%         N/A       100%        8
 Ignition                 Fire           0%         3d3       100%        8
 Polar Vortex             Ice            0%         N/A       100%        9


Dungeon Overview and Level Annotations

Branches:
Dungeon (12/15)            Temple (1/1) D:5            Lair (5/5) D:9
  Swamp (0/4) Lair:3        Snake (0/4) Lair:2        Slime (0/5) Lair:4
    Orc (0/2) D:9           Sewer (visited)

Altars:
Ashenzari
Cheibriados
Dithmenos
Elyvilon
Fedhas
Gozag
Hepliaklqana
Kikubaaqudgha
Makhleb
Nemelex Xobeh
Okawaru
Qazlal
Ru
Sif Muna
Trog
Uskayaw
Vehumet
Wu Jian
Xom
Yredelemnul
Zin
The Shining One
Jiyva

Shops:
D:2 (   D:4 :****   D:7 (   D:10 (*   D:12 ?=[


Innate Abilities, Weirdness & Mutations

You are too large for most types of armour.
You have claws for hands.
Your natural rate of healing is unusually fast.
You are covered in fur. (AC +1)
You have tough skin. (AC +1)
You occasionally lose the ability to read scrolls when taking damage.


Message History

The six-headed hydra bites you but does no damage.
You block the six-headed hydra's attack.
The six-headed hydra bites you. The six-headed hydra bites you!
* * * LOW HITPOINT WARNING * * *
The six-headed hydra closely misses you.
The six-headed hydra barely misses you. The six-headed hydra bites you.
* * * LOW HITPOINT WARNING * * *
The six-headed hydra bites you.
* * * LOW HITPOINT WARNING * * *
The six-headed hydra completely misses you.
You block the six-headed hydra's attack.
The six-headed hydra misses you. The six-headed hydra bites you.
* * * LOW HITPOINT WARNING * * *
You feel much better. The six-headed hydra bites you.
The six-headed hydra bites you but does no damage.
You block the six-headed hydra's attack.
The six-headed hydra bites you. The six-headed hydra bites you!
* * * LOW HITPOINT WARNING * * *
You block the six-headed hydra's attack.
Throw: 11 large rocks
Press: ? - help, Q - select action, (/) - cycle Shift-Dir - straight line, f/p - six-headed hydra
Aim: a six-headed hydra (almost dead, 77% to hit)
You throw a large rock.
The large rock hits the six-headed hydra.
The six-headed hydra is almost dead.
The six-headed hydra bites you!
* * * LOW HITPOINT WARNING * * *
You block the six-headed hydra's attack.
The six-headed hydra bites you.
* * * LOW HITPOINT WARNING * * *
The six-headed hydra bites you.
* * * LOW HITPOINT WARNING * * *
The six-headed hydra bites you!
* * * LOW HITPOINT WARNING * * *
The six-headed hydra bites you but does no damage.
The six-headed hydra bites you.
* * * LOW HITPOINT WARNING * * *
You block the six-headed hydra's attack. x2
The six-headed hydra barely misses you. The six-headed hydra bites you.
You die...

...#...(.....P
.......(.....#
..P..........##
.......(....(..
...............
...............
.......D.......
.......@.......
...............
...............
...............
...............
...............
................
.................
..................<


You could see a six-headed hydra.

Vanquished Creatures
  Gastronok (D:10)
  Josephine (D:11)
  Harold (D:10)
  A catoblepas (Lair:5)
  A centaur warrior (D:12)
  3 two-headed ogres
  A fire crab (Lair:4)
  A skyshark (Lair:3)
  A lindwurm (Lair:4)
  Pikel (D:4)
  An ugly thing (D:7)
  5 elephants (Lair:3)
  A cyclops (D:11)
  An ice statue (D:11)
  Joseph (D:7)
  10 cane toads
  A gargoyle (D:12)
  4 black mambas
  Psyche (D:11)
  Maggie (D:7)
  An unseen horror (D:10)
  7 rime drakes
  5 kobold demonologists
  4 komodo dragons
  3 hornets
  2 polar bears (Lair:5)
  6 trolls
  Prince Ribbit (D:7)
  21 blink frogs
  2 slime creatures (Lair:4)
  8 wraiths
  A vampire (D:12)
  11 wyverns
  50 yaks
  2 redbacks (Lair:5)
  7 vampire mosquitoes
  2 basilisks
  2 steam dragons
  A harpy simulacrum (D:11)
  2 nagas (Lair:2)
  The ghost of Fractals the Conjurer, an amateur DECj (D:3)
  14 water moccasins
  9 orc warriors
  An ice beast (D:7)
  2 sky beasts (D:7)
  3 black bears (Lair:2)
  4 centaurs
  25 wolves
  A lemure (D:4)
  A phantom (D:7)
  5 kobold brigands
  2 gnoll sergeants
  10 bullfrogs
  An entropy weaver simulacrum (D:11)
  2 two-headed ogre simulacra (D:11)
  2 cane toad simulacra (D:11)
  2 scorpions (D:5)
  4 wights (D:6)
  An elephant simulacrum (D:11)
  14 killer bees
  An electric eel (Lair:2)
  7 howler monkeys
  5 hounds
  3 jellies
  9 orc priests
  Crazy Yiuf (D:6)
  An iguana (D:4)
  A hell rat (Sewer)
  13 orc wizards
  A spriggan simulacrum (D:11)
  A troll simulacrum (D:11)
  16 gnolls
  5 adders
  A naga simulacrum (D:11)
  2 river rats (Sewer)
  2 white imps
  An ufetubus (D:4)
  5 worms
  53 orcs
  5 ball pythons
  4 endoplasms
  6 giant cockroaches
  2 hobgoblins
  22 kobolds
  6 quokkas
  4 bats
  2 frilled lizards
  4 goblins
  7 rats
470 creatures vanquished.

Vanquished Creatures (others)
  An orc wizard (D:11)
1 creature vanquished.

Grand Total: 471 creatures vanquished

Notes
Turn   | Place    | Note
-------+----------+-------------------------------------------
     0 | D:1      | cheesebisquit the Troll Fighter began the quest for the
                  | Orb.
     0 | D:1      | Reached XP level 1. HP: 22/22 MP: 0/0
   418 | D:2      | Found a radiant altar of Vehumet.
   426 | D:2      | Reached XP level 2. HP: 29/29 MP: 1/1
   453 | D:2      | Reached skill level 3 in Unarmed Combat
   493 | D:2      | Reached XP level 3. HP: 36/36 MP: 2/2
   650 | D:2      | Reached skill level 4 in Unarmed Combat
   654 | D:2      | Reached XP level 4. HP: 32/44 MP: 3/3
   778 | D:2      | Found Kalyir's Weapon Emporium.
   786 | D:2      | Bought 6 poisoned darts for 50 gold pieces
  1286 | D:3      | Found a runed translucent door.
  1287 | D:3      | Noticed Fractals's ghost (amateur DECj)
  1315 | D:3      | Identified the +1 hand axe "Tattletale" {speed, rN+ MP+9
                  | Int+7 Dex-2}
  1436 | D:3      | Reached skill level 5 in Unarmed Combat
  1493 | D:3      | Found a faded altar of an unknown god.
  1497 | D:3      | Found a shimmering blue altar of Sif Muna.
  1900 | D:4      | Found Zuck's Book Shoppe.
  1918 | D:4      | Noticed a water moccasin
  1925 | D:4      | Killed a water moccasin
  1926 | D:4      | Reached skill level 6 in Unarmed Combat
  1926 | D:4      | Reached XP level 5. HP: 41/50 MP: 4/4
  2016 | D:4      | Reached XP level 6. HP: 14/59 MP: 5/5
  2065 | D:4      | Found Sogalip's General Store.
  2071 | D:4      | Bought a +0 cloak for 45 gold pieces
  2131 | D:4      | Found Veczuacu's General Store.
  2146 | D:4      | Gained mutation: You occasionally lose the ability to read
                  | scrolls when taking damage. [potion of mutation]
  2157 | D:4      | Reached skill level 7 in Unarmed Combat
  2303 | D:4      | Noticed Pikel
  2318 | D:4      | Killed Pikel
  2319 | D:4      | Reached skill level 9 in Unarmed Combat
  2319 | D:4      | Reached XP level 7. HP: 31/66 MP: 6/6
  2359 | D:4      | Found a basalt altar of Yredelemnul.
  2494 | D:4      | Found Kymoehuc's Assorted Antiques.
  2502 | D:4      | Bought a scroll labelled ACA RE WOIRCH for 23 gold pieces
  2539 | D:4      | Bought a potion of curing for 39 gold pieces
  2566 | D:4      | Found a glowing silver altar of Zin.
  2645 | D:4      | Found Qaet's General Store.
  2672 | D:4      | Bought a scroll of identify for 24 gold pieces
  2873 | D:5      | Entered Level 5 of the Dungeon
  2955 | D:5      | Found a glowing drain.
  2965 | D:5      | Reached XP level 8. HP: 74/74 MP: 7/7
  2970 | Sewer    | Entered a sewer
  3144 | D:5      | Found a staircase to the Ecumenical Temple.
  3186 | Temple   | Entered the Ecumenical Temple
  3199 | Temple   | Became a worshipper of the Wu Jian Council
  3252 | D:5      | Reached skill level 10 in Unarmed Combat
  3870 | D:6      | Reached skill level 11 in Unarmed Combat
  4439 | D:6      | Found a runed translucent door.
  4440 | D:6      | Noticed Crazy Yiuf
  4660 | D:6      | Killed Crazy Yiuf
  4661 | D:6      | Reached XP level 9. HP: 77/80 MP: 8/8
  4763 | D:7      | Noticed Prince Ribbit
  4769 | D:7      | Reached skill level 12 in Unarmed Combat
  4805 | D:7      | Killed Prince Ribbit
  4833 | D:7      | Found a bloodstained altar of Trog.
  4845 | D:7      | Found a glowing golden altar of the Shining One.
  4937 | D:7      | Found a hide-covered altar of Uskayaw.
  4953 | D:7      | Found a shadowy altar of Dithmenos.
  5025 | D:7      | Noticed Joseph
  5039 | D:7      | Killed Joseph
  5040 | D:7      | Reached skill level 13 in Unarmed Combat
  5142 | D:7      | Found Siaraud's Firing Range.
  5151 | D:7      | Bought 3 boomerangs for 84 gold pieces
  5151 | D:7      | Bought 2 poisoned darts for 16 gold pieces
  5188 | D:7      | Noticed Maggie
  5196 | D:7      | Killed Maggie
  5196 | D:7      | Reached * piety under Wu Jian
  5272 | D:7      | Noticed a cyan ugly thing
  5277 | D:7      | Reached skill level 14 in Unarmed Combat
  5287 | D:7      | Killed a cyan ugly thing
  5288 | D:7      | Reached XP level 10. HP: 62/88 MP: 9/9
  5450 | D:7      | Found a burning altar of Makhleb.
  5450 | D:7      | Found a hazy altar of Hepliaklqana.
  5947 | D:8      | Identified the +6 hand axe "Hydra's Death Toll" {pain,
                  | *Slow Will++ rCorr}
  5992 | D:8      | Noticed a two-headed ogre
  5996 | D:8      | Killed a two-headed ogre
  5997 | D:8      | Reached skill level 15 in Unarmed Combat
  6364 | D:9      | Reached ** piety under Wu Jian
  6370 | D:9      | Identified the +1 ring mail "Buommubyi" {rF+ Dex+3}
  6464 | D:9      | Reached skill level 16 in Unarmed Combat
  6667 | D:9      | Found a staircase to the Lair.
  6909 | D:9      | Found a staircase to the Orcish Mines.
  6914 | D:9      | Reached XP level 11. HP: 94/94 MP: 10/10
  7458 | D:4      | Bought a potion of heal wounds for 60 gold pieces
  7458 | D:4      | Bought a potion of curing for 36 gold pieces
  7458 | D:4      | Bought a potion of curing for 36 gold pieces
  7519 | D:4      | Bought a black potion for 20 gold pieces
  7519 | D:4      | Bought a potion of heal wounds for 115 gold pieces
  7604 | D:7      | Bought a throwing net for 42 gold pieces
  7604 | D:7      | Bought 2 throwing nets for 84 gold pieces
  7679 | D:10     | Entered Level 10 of the Dungeon
  7679 | D:10     | Noticed Gastronok
  7704 | D:9      | Reached *** piety under Wu Jian
  7856 | D:9      | Found a staircase to the Lair.
  7993 | D:9      | Found a staircase to the Orcish Mines.
  8455 | D:10     | Found Alaqoxt's Overcharged Wands.
  8473 | D:10     | Found a stormy altar of Qazlal.
  8532 | D:10     | Reached skill level 17 in Unarmed Combat
  8663 | D:10     | Noticed Harold
  8669 | D:10     | Killed Harold
  8964 | D:10     | Killed Gastronok
  8965 | D:10     | Reached skill level 18 in Unarmed Combat
  9066 | D:10     | Found an ancient bone altar of Kikubaaqudgha.
  9073 | D:10     | Found Ytrasup's Antique Weapon Shoppe.
  9262 | D:11     | Noticed Psyche
  9267 | D:11     | Killed Psyche
  9297 | D:11     | Reached **** piety under Wu Jian
  9387 | D:11     | Noticed a two-headed ogre
  9392 | D:11     | Killed a two-headed ogre
  9445 | D:11     | Reached skill level 19 in Unarmed Combat
  9477 | D:11     | Noticed a two-headed ogre
  9489 | D:11     | Killed a two-headed ogre
  9490 | D:11     | Reached XP level 12. HP: 55/104 MP: 11/11
  9531 | D:11     | Noticed Josephine
  9543 | D:11     | Killed Josephine
 10331 | D:11     | Reached skill level 20 in Unarmed Combat
 10558 | D:11     | Got Mazxin's Papyrus of the Snowflakes
 11307 | D:12     | Found Megaemo's Jewellery Shop.
 11384 | D:12     | Found Ulow Xiy's Magic Scroll Shoppe.
 11392 | D:12     | Bought a scroll of noise for 13 gold pieces
 11392 | D:12     | Bought a scroll of identify for 26 gold pieces
 11392 | D:12     | Bought a scroll of enchant armour for 97 gold pieces
 11760 | D:12     | Found Omivac's Armour Emporium.
 11830 | D:12     | Noticed a centaur warrior
 11833 | D:12     | Killed a centaur warrior
 11880 | D:12     | Reached ***** piety under Wu Jian
 12648 | D:3      | Killed Fractals's ghost
 12841 | D:12     | Bought a scroll of fear for 52 gold pieces
 12904 | Lair:1   | Entered Level 1 of the Lair of Beasts
 12950 | Lair:1   | Reached skill level 21 in Unarmed Combat
 13670 | Lair:2   | Reached XP level 13. HP: 111/111 MP: 12/12
 14126 | Lair:2   | Found a blossoming altar of Fedhas.
 14307 | Lair:2   | Found a staircase to the Snake Pit.
 15164 | Lair:3   | Found a staircase to the Swamp.
 15179 | Lair:3   | Reached skill level 5 in Shields
 15300 | Lair:3   | Reached skill level 5 in Dodging
 15361 | Lair:3   | Reached skill level 5 in Fighting
 15956 | Lair:4   | Found a staircase to the Slime Pits.
 15956 | Lair:4   | Found a viscous altar of Jiyva.
 16049 | Lair:4   | Reached ****** piety under Wu Jian
 16208 | Lair:4   | You fall into a shaft and drop 1 floor!
 16208 | Lair:5   | Entered Level 5 of the Lair of Beasts
 16481 | Lair:5   | Reached XP level 14. HP: 130/130 MP: 13/13
 16590 | Lair:5   | HP: 4/131 [six-headed hydra (4)]
 16590 | Lair:5   | Slain by a six-headed hydra

Illustrated notes

Levels and vault maps discovered:
D:1:      lightli_arrival_boilingwater, layout_rooms
D:2:      layout_basic, basic_altar, serial_shops, shop,
          amcnicky_mini_corridor_feature
D:3:      layout_basic, nicolae_overflow_ecumenical_swirl,
          ebering_ghost_reflecting_pool
D:4:      layout_loops_ring, kennysheep_mini, nicolae_overflow_crystal_walls,
          serial_shops, nicolae_square_shop, nicolae_shop_tiny_glass, shop,
          shop, shop, corexii_corridor_pit, uniq_pikel
D:5:      layout_loops_ring, minmay_temple_entry_junction_2,
          gup_sewer_entry_pipe
D:6:      layout_loops_ring, uniq_crazy_yiuf_cottage
D:7:      minmay_chambers_of_sixes, layout_cave_pools,
          gammafunk_temple_overflow_wave, nicolae_overflow_quartered_altars,
          nicolae_shop_firing_range, uniq_prince_ribbit1, uniq_maggie,
          uniq_joseph
D:8:      layout_basic
D:9:      layout_basic, lair_entry_dummy, david_orc_5
D:10:     layout_rooms, nicolae_qazlal_eye_of_the_storm,
          mainiacjoe_overflow_boulevard, enter_bailey_8, serial_curves,
          eino_curves_04, eino_curves_04, serial_shops,
          nicolae_shop_overgrown_old_shop, nicolae_shop_overcharged_wands,
          uniq_harold, uniq_gastronok
D:11:     dreamdust_isle_of_ice, layout_stronghold, uniq_psyche, uniq_josephine
D:12:     layout_irregular_city, serial_shops, shop, shop, shop,
          blue_anna_alchemist
Temple:   nicolae_temple_ecumenical_triangle
Lair:1:   layout_chaotic_city
Lair:2:   wad_woods_stonehenge, layout_gridlike, guppyfry_snake_entry_island,
          wad_woods_road_01
Lair:3:   layout_roguey, swamp_mist, chequers_serial_rivers_large_b,
          grunt_megastairs_1
Lair:4:   layout_roguey [special_room_mythical_zoo], minmay_slime_entry_pillars,
          grunt_megastairs_5
Lair:5:   hangedman_lair_tendril_chambers, layout_hall_layers,
          guppyfry_lair_end_dragon

Skill      XL: |  1  2  3  4  5  6  7  8  9 10 11 12 13 14 |
---------------+-------------------------------------------+-----
Unarmed Combat | 3 4 6 9 11 14 16 19 21 | 21.1
Shields        | 3 6 7 |  7.1
Fighting       | 3 6 |  6.3
Dodging        | 3 6 |  6.4

Action                     |  1- 3 |  4- 6 |  7- 9 | 10-12 | 13-15 || total
---------------------------+-------+-------+-------+-------+-------++-------
  Melee: Unarmed           |    54 |   116 |   223 |   612 |   390 ||  1395
  Throw: Dart              |       |     4 |    12 |    69 |    51 ||   136
         Throwing net      |       |       |       |     1 |       ||     1
         Large rock        |       |       |       |       |     7 ||     7
Ability: Lunge             |       |       |    13 |    76 |    45 ||   134
         Whirlwind         |       |       |       |    19 |    58 ||    77
    Use: Potion            |     1 |     4 |     1 |     3 |     1 ||    10
         Scroll            |       |     5 |     6 |     9 |     3 ||    23
 Armour: Robe              |    20 |    26 |    27 |       |       ||    73
         Swamp dragon scal |       |       |     3 |   162 |   107 ||   272
  Dodge: Dodged            |    15 |    34 |    48 |   110 |    79 ||   286
  Block: Kite shield       |    19 |    42 |    36 |   132 |   143 ||   372
